 Dungeon Crawl Stone Soup version 0.31-a0-1338-gb567cfdca4 (webtiles) character file.

Game seed: 13430996294381183701

998 Sonofthefire the Grappler (level 8, -3/48 HPs)
             Began as an Octopode Shapeshifter on Dec 22, 2023.
             Was an Initiate of Qazlal.
             Slain by an ice beast (8 damage)
             ... on level 6 of the Dungeon.
             The game lasted 00:05:04 (4759 turns).

Sonofthefire the Grappler (Octopode Shapeshifter)   Turns: 4759, Time: 00:05:04

Health: -3/48      AC:  1    Str: 15    XL:     8   Next: 19%
Magic:  8/8        EV: 13    Int: 12    God:    Qazlal [......]
Gold:   301        SH:  0    Dex: 12    Spells: 7/7 levels left

rFire   . .          .
                       - Unarmed
rCold   . . .        (no shield)
rNeg    . . .        (helmet currently unavailable)
rPois   .            r - amulet of the acrobat
rElec   .            (no ring)
rCorr   .            (no ring)
SInv    .            (no ring)
Will    .....        (no ring)
Stlth   ++           (no ring)
HPRegen 0.28/turn    (no ring)
MPRegen 0.11/turn    (no ring)
                     (no ring)

%: acrobat
@: beast-form
A: beast (slay +1), almost no armour, amphibious, 8 rings, camouflage 1,
gelatinous body 1, (nimble swimmer 1), tentacles
a: Begin Untransformation, Renounce Religion


You were on level 6 of the Dungeon.
You worshipped Qazlal.
Qazlal was noncommittal.
You were a hulking beast.
You visited 2 branches of the dungeon, and saw 7 of its levels.

You collected 301 gold pieces.

Inventory:

Jewellery
 r - an amulet of the acrobat (around mantle)
Talismans
 b - a beast talisman
 c - a flux talisman
 m - a maw talisman
Wands
 q - a wand of iceblast (7)
Scrolls
 e - 2 scrolls of fog {unknown}
 f - 4 scrolls of identify {unknown}
 g - 2 scrolls of noise {unknown}
 i - 2 scrolls of acquirement {unknown}
 j - 2 scrolls of fear {unknown}
 l - 2 scrolls of teleportation {unknown}
 n - a scroll of immolation {unknown}
 o - a scroll of blinking {unknown}
 s - a scroll of enchant armour {unknown}
 t - 3 scrolls of torment {unknown}
 x - a scroll of summoning {unknown}
Potions
 d - a potion of invisibility {unknown}
 h - a potion of cancellation {unknown}
 k - a potion of might {unknown}
 p - a potion of mutation {unknown}
 u - a potion of degeneration {unknown}
 v - a potion of attraction {unknown}
 w - a potion of heal wounds {unknown}


   Skills:
 - Level 1.0 Fighting
 - Level 2.0 Dodging
 + Level 9.8 Unarmed Combat
 - Level 3.0 Shapeshifting


You had 7 spell levels left.
You didn't know any spells.
Your spell library contained the following spells:

 Spells                   Type           Power      Damage    Failure   Level
 Summon Small Mammal      Summ           0%         N/A       32%         1
 Call Canine Familiar     Summ           0%         N/A       69%         3
 Summon Guardian Golem    Hex/Summ       0%         N/A       69%         3


Dungeon Overview and Level Annotations

Branches:
Dungeon (6/15)             Temple (1/1) D:5

Altars:
Cheibriados
Elyvilon
Gozag
Hepliaklqana
Kikubaaqudgha
Nemelex Xobeh
Qazlal
Sif Muna
Uskayaw
Vehumet
Wu Jian
Yredelemnul
Zin

Shops:
D:4 [   D:6 =


Innate Abilities, Weirdness & Mutations

You are a hulking beast.
Your limbs bulge with bestial killing power. (Slay +1)
You cannot wear most types of armour.
You are amphibious.
You can wear up to eight rings at the same time.
Your skin changes colour to match your surroundings (Stealth+).
Your rubbery body absorbs attacks. (AC +1, EV +1)
((You are camouflaged when in or above water. (Stealth+)))
You have tentacles for arms and can constrict up to eight enemies at once.


Message History

There is a stone staircase leading up here.
You climb upwards.
There is a stone staircase leading down here.
You start resting.
HP restored.
You climb downwards.
There is a stone staircase leading up here.
The white imp completely misses you.
You tentacle-slap the white imp but do no damage.
You grab the white imp.
You squeeze the white imp, but do no damage.
You constrict the white imp. The white imp gestures at you.
The puff of frost hits you!
You tentacle-slap the white imp. You squeeze the white imp.
The white imp is severely wounded.
You constrict the white imp, but do no damage.
The white imp barely misses you.
You tentacle-slap the white imp but do no damage.
You squeeze the white imp.
You kill the white imp!
Qazlal accepts your kill. The ice beast hits you. The ice beast freezes you!
You tentacle-slap the ice beast. Your squeeze misses the ice beast.
The ice beast is lightly wounded.
The ice beast barely misses you.
You tentacle-slap the ice beast but do no damage.
Your tentacle-slap misses the ice beast.
The ice beast is lightly wounded.
The ice beast completely misses you.
You bludgeon the ice beast! Your squeeze misses the ice beast.
The ice beast is heavily wounded.
The ice beast hits you. The ice beast freezes you!
* * * LOW HITPOINT WARNING * * *
You tentacle-slap the ice beast.
The ice beast is heavily wounded.
The ice beast hits you.
* * * LOW HITPOINT WARNING * * *
The ice beast freezes you!
You die...

##.........#.......#
##..........#...###..
##.###...###..........
#.# #...###.#####....
#.# ######..# #....
#.# ####.## #...o #.#
#..Y.# ##...
#.#####.#### #....
#(<.hY..# #....
######### #.... ####.
#...# ..... ..∩.. ....
#.. # ####.


You could see an ice beast.

Vanquished Creatures
  Grinder (D:5)
  Sigmund (D:5)
  A sky beast (D:5)
  A black bear (D:5)
  A phantom (D:4)
  A scorpion (D:4)
  3 hounds (D:5)
  An iguana (D:5)
  An orc wizard (D:4)
  A gnoll (D:1)
  5 adders
  2 white imps
  3 worms
  3 orcs (D:4)
  7 ball pythons
  6 endoplasms
  A giant cockroach (D:1)
  6 goblins
  6 hobgoblins
  8 jackals
  4 quokkas
  10 bats
  2 frilled lizards
  13 kobolds
  6 rats
94 creatures vanquished.

Notes
Turn   | Place    | Note
-------+----------+-------------------------------------------
     0 | D:1      | Sonofthefire the Octopode Shapeshifter began the quest for
                  | the Orb.
     0 | D:1      | Reached XP level 1. HP: 13/13 MP: 1/1
   176 | D:1      | Reached XP level 2. HP: 17/18 MP: 2/2
   512 | D:1      | Reached skill level 4 in Unarmed Combat
   521 | D:1      | Reached XP level 3. HP: 23/23 MP: 3/3
  1154 | D:2      | Reached XP level 4. HP: 23/28 MP: 4/4
  1366 | D:2      | Reached skill level 5 in Unarmed Combat
  1565 | D:3      | Found a faded altar of an unknown god.
  2476 | D:4      | Noticed a scorpion
  2481 | D:4      | Killed a scorpion
  2482 | D:4      | Reached XP level 5. HP: 20/33 MP: 5/5
  2677 | D:4      | Reached skill level 6 in Unarmed Combat
  2897 | D:4      | Noticed a phantom
  2915 | D:4      | Killed a phantom
  2916 | D:4      | Reached XP level 6. HP: 15/38 MP: 6/6
  3225 | D:4      | Found a hide-covered altar of Uskayaw.
  3272 | D:4      | Found Cyczoh's Antique Armour Shop.
  3409 | D:5      | Entered Level 5 of the Dungeon
  3412 | D:5      | Found a shimmering blue altar of Sif Muna.
  3412 | D:5      | Found an ancient bone altar of Kikubaaqudgha.
  3484 | D:5      | Reached skill level 7 in Unarmed Combat
  3832 | D:5      | Noticed a black bear
  3838 | D:5      | Killed a black bear
  3839 | D:5      | Reached XP level 7. HP: 29/43 MP: 7/7
  3904 | D:5      | Reached skill level 8 in Unarmed Combat
  4040 | D:5      | Found a staircase to the Ecumenical Temple.
  4074 | D:5      | Found an ornate altar of the Wu Jian Council.
  4100 | Temple   | Entered the Ecumenical Temple
  4111 | Temple   | Became a worshipper of Qazlal Stormbringer
  4183 | D:5      | Noticed Grinder
  4188 | D:5      | Paralysed by Grinder for 2 turns
  4196 | D:5      | Paralysed by Grinder for 2 turns
  4207 | D:5      | Killed Grinder
  4316 | D:5      | Noticed Sigmund
  4333 | D:5      | Killed Sigmund
  4334 | D:5      | Reached skill level 9 in Unarmed Combat
  4334 | D:5      | Reached XP level 8. HP: 19/48 MP: 8/8
  4563 | D:6      | Found Qufokhif's One-of-a-Kind Rings.
  4759 | D:6      | Slain by an ice beast

Illustrated notes

Levels and vault maps discovered:
D:1:      scummos_arrival_simple_fountains, layout_basic,
          chequers_serial_rivers_large_b
D:2:      layout_basic
D:3:      layout_loops_corners, hellmonk_ecumenical_altar_zigzags, st_stairs_5
D:4:      layout_basic, mainiacjoe_overflow_cross_hatched, serial_shops,
          nicolae_shop_advertising_works [nicolae_subvault_shop_adworks]
D:5:      layout_loops_ring, nicolae_overflow_hidden_temple,
          amcnicky_altar_gilded, nzn_wu_jian_contemplation, temple_green,
          uniq_sigmund, uniq_grinder
D:6:      layout_rooms, marbit_many_paths, nicolae_shop_unique_rings,
          lemuel_flamethrower_2, uniq_duvessa
Temple:   nicolae_temple_figure_zero

Skill      XL: |  1  2  3  4  5  6  7 |
---------------+----------------------+-----
Unarmed Combat | 4 5 6 7 9 |  9.8
Fighting       | |  1.0
Dodging        | |  2.0
Shapeshifting  | |  3.0

Action                     |  1- 3 |  4- 6 |  7- 9 || total
---------------------------+-------+-------+-------++-------
  Melee: Unarmed           |    70 |   101 |    37 ||   208
         Constrict         |    19 |    21 |     4 ||    44
         Tentacles         |     8 |    15 |     6 ||    29
         Punch             |     2 |     5 |     2 ||     9
    Use: Potion            |       |       |     1 ||     1
   Stab: Sleeping          |     8 |    10 |       ||    18
 Armour: Skin              |    24 |    44 |    25 ||    93
  Dodge: Dodged            |    39 |    60 |    20 ||   119

Table legend: (Time is in decaauts)
 A = Elapsed time spent in this place.
 B = Non-inter-level travel time spent in this place.
 C = Inter-level travel time spent in this place.
 D = Time resting spent in this place.
 E = Time spent auto-exploring this place.
 F = Levels seen in this place.
 G = Mean time per level.
                   A        B        C        D        E       F      G
               +--------+--------+--------+--------+--------+-----+--------+
         Total |   4737 |   4537 |    200 |    980 |   2857 |   7 |  676.7 |
       Dungeon |   4717 |   4527 |    190 |    980 |   2857 |   6 |  786.2 |
        Temple |     20 |     11 |      9 |      0 |      0 |   1 |   20.0 |
               +--------+--------+--------+--------+--------+-----+--------+

Top non-repeatable levels by time:
     D:5: 1250 daAuts
     D:4: 995 daAuts
     D:3: 992 daAuts
     D:1: 877 daAuts
     D:2: 529 daAuts
     D:6: 72 daAuts
  Temple: 20 daAuts
